 Dungeon Crawl Stone Soup version 0.29.1-2-gbd0b4ee654 (webtiles) character file.

Game seed: 6021938004169283740

3441 styxcanada the Covert (level 9, -6/45 HPs)
             Began as a Spriggan Brigand on Nov 24, 2022.
             Was an Initiate of Gozag.
             Shot with an arrow by a centaur warrior (18 damage)
             ... on level 8 of the Dungeon.
             The game lasted 00:40:54 (10546 turns).

styxcanada the Covert (Spriggan Brigand)           Turns: 10546, Time: 00:40:55

Health: -6/45      AC:  4    Str: 13    XL:     9   Next: 77%
Magic:  19/19      EV: 22    Int: 13    God:    Gozag
Gold:   584        SH:  5    Dex: 20    Spells: 17/20 levels left

rFire   + . .      SeeInvis +   s - +2 short sword (speed)
rCold   . . .      Faith    .   (no shield)
rNeg    . . .      Spirit   .   J - +1 robe {rF+}
rPois   .          Reflect  +   (helmet restricted)
rElec   .          Harm     .   c - +0 cloak
rCorr   .          Rampage  .   (gloves unavailable)
Will    +....                   (boots unavailable)
Stlth   +++++.....              w - amulet of reflection
HPRegen 0.15/turn               E - +4 ring of slaying
MPRegen 0.16/turn               k - +6 ring of strength

@: gold aura, very quick
A: very small, no large weapons, unfitting armour, see invisible, speed 3
a: Renounce Religion, Potion Petition, Call Merchant, Bribe Branch


You were on level 8 of the Dungeon.
You worshipped Gozag.
Gozag was pleased with you.
You visited 1 branch of the dungeon, and saw 8 of its levels.

You collected 1195 gold pieces.
You spent 561 gold pieces at shops.
You paid 50 gold pieces to Gozag.

Inventory:

Hand Weapons
 a - a +2 dagger
 s - a +2 short sword of speed (weapon)
 u - a +2 sling of freezing
 B - a +2 dagger of draining
 D - a +3 dagger of speed
Missiles
 d - 6 poisoned darts (quivered)
 e - 5 curare-tipped darts
 n - 77 stones
Armour
 c - a +0 cloak (worn)
 J - a +1 robe of fire resistance (worn)
Jewellery
 g - an amulet of faith
 i - a ring of protection from cold
 k - a +6 ring of strength (right hand)
 q - a ring of protection from cold
 r - an amulet of guardian spirit
 w - an amulet of reflection (around neck)
 y - a ring of positive energy
 E - a +4 ring of slaying (left hand)
Wands
 v - a wand of digging (2)
 x - a wand of iceblast (14)
 C - a wand of light (8)
 I - a wand of charming (4)
Scrolls
 h - 13 scrolls of teleportation
 m - 2 scrolls of fear
 H - a scroll of immolation
Potions
 b - a potion of invisibility
 f - 2 potions of heal wounds
 j - 5 potions of haste
 l - a potion of flight
 o - a potion of cancellation
 t - 4 potions of lignification
 z - a potion of magic
 F - 2 potions of brilliance
 G - a potion of mutation


   Skills:
 + Level 3.7 Fighting
 + Level 4.5 Short Blades
 + Level 4.5 Ranged Weapons
 + Level 4.6 Throwing
 * Level 6.6 Dodging
 * Level 11.0 Stealth
 + Level 0.1 Shields
 * Level 6.2 Spellcasting
 * Level 3.2 Conjurations
 * Level 4.2 Evocations


You had 17 spell levels left.
You knew the following spells:

 Your Spells              Type           Power      Damage    Failure   Level
a - Magic Dart            Conj           48%        1d5       4%          1
b - Searing Ray           Conj           24%        2d5       7%          2

Your spell library contained the following spells:

 Spells                   Type           Power      Damage    Failure   Level
 Foxfire                  Conj/Fire      32%        2x1d5     9%          1
 Static Discharge         Conj/Air       8%         3-4/arc   13%         2
 Summon Small Mammal      Summ           16%        N/A       17%         1
 Ignite Poison            Fire/Tmut/Pois 4%         N/A       45%         3
 Inner Flame              Hex/Fire       4%         N/A       45%         3
 Summon Guardian Golem    Hex/Summ       4%         N/A       45%         3
 Fulminant Prism          Conj/Hex       4%         3d6       63%         4
 Cause Fear               Hex            2%         N/A       86%         4
 Fireball                 Conj/Fire      4%         3d4       93%         5
 Lightning Bolt           Conj/Air       4%         1d15      93%         5
 Starburst                Conj/Fire      4%         6d3       100%        6
 Malign Gateway           Summ/Tloc      2%         N/A       100%        7
 Orb of Destruction       Conj           6%         9d6       100%        7
 Spellforged Servitor     Conj/Summ      4%         N/A       100%        7
 Discord                  Hex            2%         N/A       100%        8
 Ignition                 Fire           2%         3d3       100%        8
 Maxwell's Capacitive Co  Air            2%         ∞         100%        8


Dungeon Overview and Level Annotations

Branches:
Dungeon (8/15)             Temple (0/1) D:5
   Lair: D:8-11

Altars:
Ashenzari
Cheibriados
Gozag
Hepliaklqana
Okawaru
Trog
Uskayaw
Vehumet
Wu Jian

Shops:
D:4 =   D:7 ?


Innate Abilities, Weirdness & Mutations

You are very small and have problems with some larger weapons.
You are too small for most types of armour.
You have supernaturally acute eyesight. (SInv)
You cover ground extremely quickly. (Speed+++)


Message History

You hit the white imp.
You kill the white imp!
You now have 563 gold pieces (gained 7).
Found 10 gold pieces.
A centaur simulacrum comes into view.
The centaur simulacrum moves out of view.
You now have 573 gold pieces (gained 10).
A shadow imp and an orc come into view.
The helpless orc fails to defend itself.
You spit the orc like a pig!!!
You kill the orc!
Things that are here:
6 gold pieces; a +0 falchion; a +0 leather armour You now have 579 gold pieces (gained 6).
The helpless shadow imp fails to defend itself.
You skewer the shadow imp like a kebab!!!
You kill the shadow imp!
You now have 584 gold pieces (gained 5).
A centaur warrior comes into view.
Found four items.
A gargoyle, 2 centaur warriors and a cyclops come into view.
Found a long runed staff.
Found a runed short sword.
The centaur warrior shouts! x2; You hear a shout!
You closely miss the centaur warrior.
The centaur warrior shouts!
The cyclops shouts!
The centaur warrior wields a +0 longbow.
The centaur warrior shoots an arrow.
The arrow completely misses you. The centaur warrior hits you!
The centaur warrior barely misses you.
A wraith comes into view.
You hit the centaur warrior but do no damage.
The centaur warrior misses you. The centaur warrior kicks you.
The centaur warrior shoots an arrow.
The arrow barely misses you.
Unknown command.
The centaur warrior wields a +0 shortbow.
The centaur warrior shoots an arrow.
The arrow hits you!!
* * * LOW HITPOINT WARNING * * *
The centaur warrior shoots an arrow.
The arrow hits you!!
You die...
Your body crumbles into a pile of gold.

#,***,*,**,,,,,,***.###.*,,,,,,,,
#,,,,,*,.##*,,***,**...**,..**.#*
#**,****...****,,*###.###,,.**.#*
#,,,,,***...,,,,*##.#.#.##,.##.#*
,,,,,,,***...,,*##.#.#.#.##....**
,**,,,,,*###.####.#.#.#.#.##..,,,
,,*,,,,,,#..c.)#.#.#.#.#.#.#.####
*,*,,,**,*#.9|.##.#.#.#.#.##.....
,,,,,,**,,,,#Cc.@#.#.#.#.#)..#***
,,,,*,,,,#.[cW###.#.#.#.#.##.#
,*,,*,,,,#|}.,,#.#.#.#.#.#.#.#
,**,*,,,*###,**##.#.#.#.#.##.#
,,*,*,,******,,*##.#.#.#.##..#
#,,,,,****,,,,,,*##.#.#.##..##
#**,*** *,********###.###..##
#$,,,,* **,$,,,,,** #*.,#..#
#,***,***********,***,,,#..#


You could see 3 centaur warriors, a cyclops, a wraith and a gargoyle.

Vanquished Creatures
  Sigmund (D:6)
  3 yaks (D:8)
  A steam dragon (D:8)
  Menkaure (D:7)
  A water moccasin (D:6)
  2 ice beasts
  A sky beast (D:7)
  Pargi (D:4)
  A black bear (D:4)
  An ogre (D:4)
  A centaur (D:5)
  A wolf (D:8)
  A phantom (D:7)
  2 necrophages (D:6)
  2 bullfrogs (D:7)
  3 scorpions
  3 wights (D:6)
  9 killer bees (D:8)
  A howler monkey (D:5)
  4 hounds
  2 jellies
  3 iguanas
  Ijyb (D:4)
  7 orc wizards
  Robin (D:3)
  7 adders
  2 shadow imps
  3 white imps (D:8)
  A howler monkey simulacrum (D:8)
  4 worms
  A dart slug (D:2)
  19 orcs
  9 endoplasms
  3 giant cockroaches
  12 goblins
  13 hobgoblins
  7 kobolds
  4 quokkas
  4 ball pythons
  5 bats
  5 rats
  A spectral kobold (D:8)
154 creatures vanquished.

Notes
Turn   | Place    | Note
-------+----------+-------------------------------------------
     0 | D:1      | styxcanada the Spriggan Brigand began the quest for the
                  | Orb.
     0 | D:1      | Reached XP level 1. HP: 10/10 MP: 2/2
    11 | D:1      | Reached skill level 6 in Stealth
   151 | D:1      | Reached XP level 2. HP: 8/15 MP: 3/3
   469 | D:1      | Found a faded altar of an unknown god.
  1065 | D:1      | Reached XP level 3. HP: 18/18 MP: 4/4
  1489 | D:2      | Reached skill level 7 in Stealth
  1874 | D:2      | Reached XP level 4. HP: 18/23 MP: 5/5
  1950 | D:2      | Found a radiant altar of Vehumet.
  2033 | D:2      | Learned a level 1 spell: Magic Dart
  2319 | D:3      | Found an opulent altar of Gozag.
  2319 | D:3      | Found an ornate altar of the Wu Jian Council.
  2323 | D:3      | Became a worshipper of Gozag Ym Sagoz the Greedy
  2655 | D:3      | Found a broken altar of Ashenzari.
  3323 | D:3      | Noticed Robin
  3424 | D:3      | Reached XP level 5. HP: 26/26 MP: 5/7
  3425 | D:3      | Killed Robin
  3507 | D:3      | Reached skill level 1 in Spellcasting
  3832 | D:4      | Noticed a black bear
  3916 | D:4      | Killed a black bear
  3917 | D:4      | Reached XP level 6. HP: 11/32 MP: 2/9
  4214 | D:4      | Reached skill level 1 in Conjurations
  4312 | D:4      | Found a bloodstained altar of Trog.
  4400 | D:4      | Noticed Pargi
  4404 | D:4      | Killed Pargi
  4429 | D:4      | Found Xieriebb's Jewellery Emporium.
  4437 | D:4      | Bought a +6 ring of strength for 360 gold pieces
  4451 | D:4      | Reached skill level 8 in Stealth
  4735 | D:4      | Noticed Ijyb
  4742 | D:4      | Killed Ijyb
  4900 | D:4      | Reached skill level 1 in Ranged Weapons
  4900 | D:4      | Reached XP level 7. HP: 35/35 MP: 7/11
  5167 | D:5      | Entered Level 5 of the Dungeon
  5532 | D:5      | Found a staircase to the Ecumenical Temple.
  6114 | D:5      | Got the Monograph on Heated Convocation
  6579 | D:5      | Learned a level 2 spell: Searing Ray
  6683 | D:5      | Found a snail-covered altar of Cheibriados.
  6745 | D:6      | Reached skill level 9 in Stealth
  6774 | D:6      | Found a hide-covered altar of Uskayaw.
  6822 | D:6      | Reached XP level 8. HP: 38/40 MP: 6/14
  6923 | D:6      | Noticed Sigmund
  7017 | D:6      | Reached skill level 1 in Evocations
  7505 | D:6      | Reached skill level 5 in Spellcasting
  7638 | D:6      | Killed Sigmund
  7639 | D:6      | Reached skill level 5 in Dodging
  7907 | D:7      | Found Jiceuqac's Magic Scroll Boutique.
  7909 | D:7      | Noticed Menkaure
  7935 | D:7      | Killed Menkaure
  8234 | D:7      | Reached skill level 10 in Stealth
  8324 | D:7      | Bought a scroll of identify for 26 gold pieces
  8324 | D:7      | Bought a scroll of identify for 26 gold pieces
  8324 | D:7      | Bought a scroll of enchant weapon for 97 gold pieces
  8324 | D:7      | Bought a scroll of identify for 26 gold pieces
  8324 | D:7      | Bought a scroll of identify for 26 gold pieces
  8374 | D:7      | Reached XP level 9. HP: 12/44 MP: 9/18
  8974 | D:7      | Found an iron altar of Okawaru.
  9899 | D:8      | Found a hazy altar of Hepliaklqana.
 10458 | D:8      | Reached skill level 11 in Stealth
 10541 | D:8      | Noticed a centaur warrior
 10542 | D:8      | Noticed a gargoyle
 10542 | D:8      | Noticed a centaur warrior
 10542 | D:8      | Noticed a centaur warrior
 10542 | D:8      | Noticed a cyclops
 10546 | D:8      | Shot with an arrow by a centaur warrior

Illustrated notes

Levels and vault maps discovered:
D:1:      amcnicky_arrival_blooded_trapdoor, layout_loops_ring,
          hellmonk_ecumenical_altar_zigzags
D:2:      layout_basic, basic_altar, minmay_ruptured
D:3:      layout_basic, lemuel_doored_altar, gammafunk_temple_overflow_wave,
          grunt_ministairs_3, uniq_robin
D:4:      nicolae_cairo_tiling_large_dashed, layout_gridville,
          marbit_many_paths, portal_sewer_entry_e, kennysheep_donut,
          minmay_shop_enchanted_jewellery, uniq_ijyb, uniq_pargi
D:5:      layout_loops_corners, cheibrodos_worm_habitat, temple_hall,
          minmay_a_box_with_orc_wizards_in_it
D:6:      layout_rooms, mainiacjoe_overflow_concentric_impassable, uniq_sigmund
D:7:      layout_loops_corners, mainiacjoe_overflow_alcove_4, serial_shops,
          shop_statue, glass_columns_b, uniq_menkaure
D:8:      minmay_the_grid_octo_tiled_squarecenter
          [minmay_the_grid_octo_odd_swirl, minmay_the_grid_octo_checkered,
          minmay_the_grid_octo_toaster, minmay_the_grid_octo_tetromino_candy,
          minmay_the_grid_square_5x5_megaprize_crossed,
          minmay_the_grid_square_5x5_slash,
          minmay_the_grid_square_5x5_six_small,
          minmay_the_grid_square_5x5_eight, minmay_the_grid_square_5x5_bite],
          layout_loops_ring, nicolae_hepliaklqana_monster_ancestors, serial_ice,
          serial_ice_g, serial_ice_e, serial_ice_m, serial_ice_d, serial_ice_h,
          serial_ice_f

Skill      XL: |  1  2  3  4  5  6  7  8  9 |
---------------+----------------------------+-----
Stealth        | 6 7 8 9 10 11 | 11.0
Fighting       | 2 3 |  3.7
Dodging        | 2 3 4 5 6 |  6.6
Short Blades   | 3 4 |  4.5
Spellcasting   | 1 2 3 5 6 |  6.2
Throwing       | 3 4 |  4.6
Conjurations   | 1 2 3 |  3.2
Ranged Weapons | 1 3 4 |  4.5
Evocations     | 2 4 |  4.2
Shields        | |  0.1

Action                   |  1- 3 |  4- 6 |  7- 9 || total
-------------------------+-------+-------+-------++-------
Melee: Dagger            |    83 |    20 |       ||   103
       Punch             |     1 |       |     2 ||     3
       Short sword       |       |    61 |   191 ||   252
 Fire: Sling             |     2 |    11 |    54 ||    67
Throw: Dart              |    25 |    49 |    50 ||   124
 Cast: Magic Dart        |       |    19 |    11 ||    30
       Searing Ray       |       |       |    14 ||    14
Evoke: Wand              |       |       |     2 ||     2
  Use: Scroll            |     4 |     5 |    14 ||    23
       Potion            |       |       |     1 ||     1
 Stab: Sleeping          |     8 |    10 |    15 ||    33
       Distracted        |       |     1 |     3 ||     4
Armor: Robe              |     5 |     7 |    15 ||    27
Dodge: Dodged            |    48 |    40 |   145 ||   233
Block: Other             |       |     1 |    29 ||    30
       Reflection        |       |       |     1 ||     1
